 Dungeon Crawl Stone Soup version 0.31.0-12-g77e489cdc1 (webtiles) character file.

Game seed: 2268493118500181430

109 lordive the Grasshopper (level 4, 0/23 HPs)
             Began as a Spriggan Warper on Feb 29, 2024.
             Slain by an orc
             ... wielding a +0 hand axe
              (6 damage)
             ... on level 3 of the Dungeon.
             The game lasted 00:03:24 (2533 turns).

lordive the Grasshopper (Spriggan Warper)           Turns: 2533, Time: 00:03:24

Health: 0/23       AC:  2    Str:  7    XL:     4   Next: 59%
Magic:  9/9        EV: 18    Int: 16    God:
Gold:   179        SH:  0    Dex: 14    Spells: 0/8 levels left

rFire   . . .        a - +0 short sword
rCold   . . .        (no shield)
rNeg    . . .        b - +0 robe
rPois   .            (helmet restricted)
rElec   .            (no cloak)
rCorr   .            (gloves unavailable)
SInv    +            (boots unavailable)
Will    .....        (no amulet)
Stlth   ++           (no ring)
HPRegen 0.23/turn    (no ring)
MPRegen 0.11/turn

%: no passive effects
@: very quick
A: very small, no large weapons, unfitting armour, see invisible, speed 3
a: no special abilities


You were on level 3 of the Dungeon.
You visited 1 branch of the dungeon, and saw 3 of its levels.

You collected 179 gold pieces.

Inventory:

Hand Weapons
 a - a +0 short sword (weapon)
Missiles
 d - 7 darts of dispersal (quivered)
 f - 8 poisoned darts
Armour
 b - a +0 robe (worn)
Jewellery
 o - a ring of resist corrosion
 t - an amulet of guardian spirit
Wands
 s - a wand of charming (9)
Scrolls
 c - a scroll of blinking
 h - a scroll of poison {unknown}
 j - 2 scrolls of identify {unknown}
 k - a scroll of amnesia {unknown}
 n - 2 scrolls of teleportation {unknown}
 r - a scroll of enchant weapon {unknown}
Potions
 e - 2 potions of invisibility {unknown}
 g - 3 potions of mutation {unknown}
 i - a potion of brilliance {unknown}
 l - a potion of might {unknown}
 m - a potion of curing {unknown}
 p - a potion of cancellation {unknown}
 q - 2 potions of lignification {unknown}


   Skills:
 + Level 2.1 Fighting
 + Level 3.9 Short Blades
 - Level 1.0 Throwing
 + Level 4.1 Dodging
 + Level 0.9 Stealth
 + Level 2.8 Spellcasting
 * Level 0.1 Hexes
 * Level 5.0 Translocations


You couldn't memorise any spells.
You knew the following spells:

 Your Spells              Type           Power      Damage    Failure   Level
a - Lesser Beckoning      Tloc           36%        N/A       3%          2
b - Teleport Other        Tloc           18%        N/A       7%          3
c - Confusing Touch       Hex            2%         N/A       47%         3

Your spell library contained the following spells:

 Spells                   Type           Power      Damage    Failure   Level
 Blink                    Tloc           36%        N/A       3%          2
 Kiss of Death            Conj/Necr      8%         2d6       19%         1
 Manifold Assault         Tloc           18%        N/A       24%         4
 Hailstorm                Conj/Ice       2%         3d5       50%         3
 Summon Ice Beast         Ice/Summ       2%         N/A       50%         3
 Vhi's Electric Charge    Tloc/Air       20%        N/A       56%         4
 Dispel Undead            Necr           2%         3d7       88%         4
 Sculpt Simulacrum        Ice/Alch       1%         N/A       100%        6


Dungeon Overview and Level Annotations

Branches:
Dungeon (3/15)

Altars:


Innate Abilities, Weirdness & Mutations

You are very small and have problems with some larger weapons.
You are too small for most types of armour.
You have supernaturally acute eyesight. (SInv)
You cover ground extremely quickly. (Speed+++)


Message History

An adder is nearby!
You hit the adder. Your punch misses the adder.
The adder is severely wounded.
The adder closely misses you.
You hit the adder but do no damage.
The adder is severely wounded.
The adder closely misses you.
You hit the adder.
You kill the adder!
The orc misses you.
You see here an adder corpse.
You hit the orc.
The orc is severely wounded.
The orc completely misses you.
You barely miss the orc.
The orc is severely wounded.
The orc hits you with a +0 hand axe.
You hit the orc.
You kill the orc!
You hit the orc but do no damage. The orc closely misses you.
You hit the orc but do no damage. The orc completely misses you.
You hit the orc.
The orc is lightly wounded.
The orc misses you.
You hit the orc but do no damage.
The orc is lightly wounded.
You barely miss the orc.
The orc is lightly wounded.
The orc closely misses you.
You barely miss the orc.
The orc is lightly wounded.
The orc hits you with a +0 hand axe!
* * * LOW HITPOINT WARNING * * *
You hit the orc but do no damage.
The orc is lightly wounded.
The orc completely misses you.
You hit the orc but do no damage.
The orc is lightly wounded.
The orc hits you with a +0 hand axe.
You die...

###............#..#............
#.........o....##....#..#....
########+####'###....#..#....
#.[.............#..#....
#...............#..#....
#......>........#<......
#......o....#.#.##......
#######o#####.#......... #@#
#.####...... #.#####.# #....##
#.......# #....# #########
#....# #....# #....# #....#
######


You could see 2 orcs.

Vanquished Creatures
  An iguana (D:3)
  A gnoll (D:1)
  An adder (D:3)
  A dart slug (D:3)
  A ribbon worm (D:3)
  2 orcs (D:3)
  4 ball pythons
  6 endoplasms
  4 giant cockroaches
  4 goblins
  5 hobgoblins (D:1)
  4 jackals (D:2)
  3 quokkas
  9 bats
  4 kobolds
  5 rats
55 creatures vanquished.

Notes
Turn   | Place    | Note
-------+----------+-------------------------------------------
     0 | D:1      | lordive the Spriggan Warper began the quest for the Orb.
     0 | D:1      | Reached XP level 1. HP: 10/10 MP: 5/5
   257 | D:1      | Reached XP level 2. HP: 12/14 MP: 6/6
   381 | D:1      | Reached skill level 5 in Translocations
   681 | D:1      | Reached XP level 3. HP: 8/18 MP: 8/8
  1919 | D:3      | Reached XP level 4. HP: 23/23 MP: 9/9
  2325 | D:3      | Learned a level 2 spell: Lesser Beckoning
  2329 | D:3      | Learned a level 3 spell: Teleport Other
  2333 | D:3      | Learned a level 3 spell: Confusing Touch
  2533 | D:3      | Slain by an orc

Illustrated notes

Levels and vault maps discovered:
D:1:      scummos_arrival_checkerplants, layout_loops_ring,
          chequers_serial_rivers_room_b, patterned_corridor
D:2:      layout_loops_ring
D:3:      layout_basic, pdpol_temple_overflow_zin_treasury_gozag_greed,
          serial_shops, nicolae_shop_just_a_little_nook, grunt_decor_fettered,
          uniq_sigmund

Skill      XL: |  1  2  3  4 |
---------------+-------------+-----
Translocations | 5 |  5.0
Short Blades   | 3 |  3.9
Fighting       | 2 |  2.1
Dodging        | 4 |  4.1
Throwing       | |  1.0
Stealth        | |  0.9
Spellcasting   | |  2.8
Hexes          | |  0.1

Action                     |  1- 3 |  4- 6 || total
---------------------------+-------+-------++-------
  Melee: Short sword       |   256 |    60 ||   316
         Punch             |     1 |       ||     1
   Stab: Sleeping          |     3 |       ||     3
 Armour: Robe              |    68 |    18 ||    86
  Dodge: Dodged            |   174 |    42 ||   216
